 Dungeon Crawl Stone Soup version 0.20.1-1-g8b1a95d (webtiles) character file.

16326 Hopiakuusi the Grappler (level 12, -10/122 HPs)
             Began as a Troll Berserker on Aug 22, 2017.
             Was a High Priest of Trog.
             Mangled by Snorg (12 damage)
             ... on level 1 of the Orcish Mines on Aug 23, 2017.
             The game lasted 00:55:44 (10301 turns).

Hopiakuusi the Grappler (Troll Berserker)          Turns: 10301, Time: 00:55:46

Health: -10/122    AC: 10    Str: 30    XL:     12   Next: 9%
Magic:  11/11      EV: 14    Int:  3    God:    Trog [*****.]
Gold:   1050       SH:  0    Dex: 13    Spells: 11/11 levels left

rFire    . . .     SeeInvis .     - Unarmed
rCold    . . .     Gourm    +   (no shield)
rNeg     . . .     Faith    .   W - +0 troll leather armour
rPois    +         Spirit   .   (helmet restricted)
rElec    +         Reflect  .   E - +2 cloak {MR+}
rCorr    +         Harm     .   (gloves unavailable)
MR       +....                  (boots unavailable)
Stlth    ++........             M - amulet of Sunlight {Gourm Fragile rElec Str+2}
Regen    1.1/turn               r - ring of resist corrosion
MPRegen  0.2/turn               w - ring of poison resistance

@: berserk cooldown, slowed, very slow
A: unfitting armour, claws 3, blurry vision 1, fast metabolism 3, gourmand,
poison resistance, regeneration 1, shaggy fur 1, tough skin 2
a: Berserk, Trog's Hand, Brothers in Arms, Burn Spellbooks, Renounce Religion


You were on level 1 of the Orcish Mines.
You worshipped Trog.
Trog was extremely pleased with you.
You were very full.

You visited 2 branches of the dungeon, and saw 12 of its levels.

You collected 1215 gold pieces.
You spent 165 gold pieces at shops.

Inventory:

Hand Weapons
 l - the +10 great mace "Moholes" {crush, rPois}
   (Trog gifted it to you on level 10 of the Dungeon)

   It inflicts extra damage upon your enemies.
   It protects you from poison.
 t - the +3 quarterstaff of the Gloaming {vamp, +Inv rC+}
   (You found it on level 5 of the Dungeon)

   It inflicts no extra harm, but heals its wielder when it wounds a living foe.
   It protects you from cold.
   It lets you turn invisible.
 y - a +0 mace of venom
 V - a +0 blowgun
Missiles
 q - 85 poisoned needles
 S - 5 large rocks (quivered)
Armour
 a - a +0 animal skin
 u - a scarf of resistance
 E - a +2 cloak of magic resistance (worn)
 L - the +2 robe "Zuiry" {-Tele Dex+6}
   (You found it on level 9 of the Dungeon)

   It affects your dexterity (+6).
   It prevents most forms of teleportation.
 W - a +0 troll leather armour (worn)
Jewellery
 r - a ring of resist corrosion (left claw)
 w - a ring of poison resistance (right claw)
 M - the amulet of Sunlight (around neck) {Gourm Fragile rElec Str+2}
   (You found it on level 9 of the Dungeon)

   [amulet of the gourmand]

   It allows you to eat raw meat even when not hungry.
   It affects your strength (+2).
   It insulates you from electricity.
   It will be destroyed if unequipped.
Wands
 c - a wand of iceblast (11/15)
 h - a wand of digging (11/24)
 z - a wand of iceblast (9/15)
 A - a wand of polymorph (11/24)
 G - a wand of scattershot (5/9)
 N - a wand of polymorph (11/24)
 O - a wand of confusion (9/48)
 R - a wand of confusion (17/48)
Scrolls
 d - 2 scrolls of enchant armour
 i - 3 scrolls of enchant weapon {unknown}
 j - 2 scrolls of fog {unknown}
 k - 7 scrolls of identify
 o - 2 scrolls of remove curse
 s - a scroll of random uselessness {unknown}
 v - 3 scrolls of fear {unknown}
 x - a scroll of recharging {unknown}
 D - 2 scrolls of teleportation {unknown}
 F - a scroll of immolation {unknown}
 K - 4 scrolls of magic mapping {unknown}
 P - a scroll of noise {unknown}
 T - a scroll of acquirement {unknown}
Potions
 e - 2 potions of heal wounds
 m - a potion of degeneration {unknown}
 n - 3 potions of agility {unknown}
 p - 4 potions of curing
 B - a potion of flight
 C - a potion of lignification {unknown}
 I - 2 potions of magic {unknown}
 Q - a potion of resistance {unknown}
Books
 H - a book of Debilitation

   Spells                             Type                      Level
   a - Corona                         Hexes                        1
   b - Slow                           Hexes                        2
   c - Inner Flame                    Hexes/Fire                   3
   d - Portal Projectile              Hexes/Translocation          3
   e - Cause Fear                     Hexes                        4
   f - Leda's Liquefaction            Hexes/Earth                  4
   Trog disapproves of the use of such an item.
Comestibles
 b - 8 bread rations
 f - 12 royal jellies
 g - 3 meat rations
 J - 3 fruits


   Skills:
 * Level 8.4 Fighting
 * Level 2.2 Throwing
 + Level 7.9 Dodging
 + Level 1.5 Stealth
 + Level 14.2 Unarmed Combat


You had 11 spell levels left.
You didn't know any spells.

Dungeon Overview and Level Annotations

Branches:
Dungeon (10/15)            Temple (0/1) D:7            Lair (0/6) D:10
    Orc (2/2) D:10
    Elf: Orc:2

Altars:
Fedhas
Gozag
Ru
Yredelemnul

Shops:
D:5 *   D:6 :

Annotations:
D:1 Sigmund
Orc:1 Snorg
Orc:2 Azrael


Innate Abilities, Weirdness & Mutations

You are too large for most types of armour.
You have claws for hands.
Your metabolism is lightning-fast.
You like to eat raw meat.
Your natural rate of healing is unusually fast.
You are covered in fur. (AC +1)
You have very tough skin. (AC +2)
Scrolls take you a little longer to read.
Your system is resistant to poisons. (rPois)


Message History

You feel a strong urge to attack something.
Your ogre closely misses Snorg.
You feel your anger subside.
You claw Snorg!
Snorg is severely wounded.
Snorg bites you but does no damage. Snorg claws you.
* * * LOW HITPOINT WARNING * * *
Snorg claws you.
* * * LOW HITPOINT WARNING * * *
You barely miss Snorg.
Snorg is severely wounded.
Your ogre hits Snorg with a giant club!!!
You closely miss Snorg.
Snorg is almost dead.
You are no longer berserk.
You are exhausted.
You feel yourself slow down. Snorg closely misses you. Snorg claws you!
* * * LOW HITPOINT WARNING * * *
Snorg claws you!
You die...

#....#.#...........##[.....
##.##..........#...#....#.#
#...#..................####
##.......................##
#..................#....[#
##..................#...#[
##.......O..............[)
#........T...........[.[.)
##.......@##.###.....##[.[
##........### ####..#.#..
##...#..#..## ##.......##
#.....###...# #.....#.##.
##.#.###...## ##.....###.
##...#....# ##.#.## ##
#.......## #...## #
##.#....## ##.## ###.....#
###


You could see Snorg (berserk) and a friendly ogre (berserk).

Vanquished Creatures
  4 two-headed ogres
  3 death yaks (D:9)
  An unseen horror (D:10)
  Maurice (D:8)
  The ghost of Berahthraban the Conjurer, a novice HuCj (D:4)
  3 trolls
  Prince Ribbit (D:6)
  3 hornets (D:8)
  3 hippogriffs
  15 yaks
  A basilisk (D:9)
  A fire elemental (Orc:1)
  Edmund (D:6)
  3 wargs
  A hell hound (Orc:1)
  2 sky beasts
  12 orc warriors
  2 black bears (D:10)
  An ice beast (D:9)
  A phantom (D:5)
  3 ogres
  6 centaurs
  A big kobold (D:10)
  A wyvern zombie (D:8)
  5 bullfrogs
  2 scorpions
  2 water moccasin skeletons
  16 killer bees
  2 howler monkeys (D:4)
  3 wights (D:9)
  5 crimson imps
  A centaur zombie (D:5)
  A bullfrog zombie (D:10)
  A quasit (D:6)
  6 hounds
  A bullfrog skeleton (D:5)
  2 centaur skeletons
  13 orc priests
  4 jellies
  Terence (D:2)
  15 orc wizards
  4 worker ants
  3 hound zombies
  A hound skeleton (D:5)
  A worker ant zombie (D:10)
  A howler monkey skeleton (D:4)
  10 adders
  2 shadow imps (D:8)
  2 adder skeletons
  3 worms
  2 dart slugs (D:2)
  6 leopard geckos
  54 orcs
  2 bats
  7 giant cockroaches
  8 goblins
  5 hobgoblins
  3 quokkas
  4 frilled lizards
  11 kobolds
  4 rats (D:2)
284 creatures vanquished.

Vanquished Creatures (others)
  An orc (Orc:2)
1 creature vanquished.

Grand Total: 285 creatures vanquished

Notes
Turn   | Place    | Note
-------+----------+-------------------------------------------
     0 | D:1      | Hopiakuusi the Troll Berserker began the quest for the Orb.
     0 | D:1      | Reached XP level 1. HP: 22/22 MP: 0/0
   332 | D:1      | Reached XP level 2. HP: 28/29 MP: 1/1
   372 | D:1      | You fall through a shaft!
   480 | D:2      | Reached ** piety under Trog
   480 | D:2      | Reached XP level 3. HP: 28/36 MP: 2/2
   674 | D:2      | Noticed Sigmund
   950 | D:2      | Noticed Terence
   955 | D:2      | Killed Terence
   955 | D:2      | Reached XP level 4. HP: 42/45 MP: 3/3
  1459 | D:3      | Reached skill level 4 in Unarmed Combat
  1534 | D:3      | Found a blossoming altar of Fedhas.
  1567 | D:3      | Found a sacrificial altar of Ru.
  1725 | D:3      | Found a sacrificial altar of Ru.
  1920 | D:4      | Reached XP level 5. HP: 49/53 MP: 4/4
  1971 | D:4      | Reached skill level 5 in Unarmed Combat
  1978 | D:4      | Reached XP level 6. HP: 44/61 MP: 5/5
  2293 | D:4      | Noticed Berahthraban's ghost (novice HuCj)
  2309 | D:4      | Killed Berahthraban's ghost
  2309 | D:4      | Reached skill level 6 in Unarmed Combat
  2309 | D:4      | Reached XP level 7. HP: 50/68 MP: 6/6
  2621 | D:5      | Entered Level 5 of the Dungeon
  2745 | D:5      | Reached skill level 7 in Unarmed Combat
  2796 | D:5      | Reached *** piety under Trog
  2969 | D:5      | Got a faintly glowing quarterstaff
  2988 | D:5      | Found an opulent altar of Gozag.
  3250 | D:5      | Found Lyptat's Assorted Antiques.
  3253 | D:5      | Bought a tubular ivory ring for 165 gold pieces
  3453 | D:5      | Identified the +3 quarterstaff of the Gloaming {vamp, +Inv rC+} (You found it on level 5 of the Dungeon)
  3793 | D:5      | Reached XP level 8. HP: 68/79 MP: 7/7
  3908 | D:6      | Noticed a hippogriff
  3909 | D:6      | Noticed Edmund
  3932 | D:6      | Killed a hippogriff
  3932 | D:6      | Reached skill level 8 in Unarmed Combat
  3942 | D:6      | Killed Edmund
  4188 | D:6      | Noticed Prince Ribbit
  4216 | D:6      | Killed Prince Ribbit
  4216 | D:6      | Reached skill level 9 in Unarmed Combat
  4341 | D:6      | Reached skill level 5 in Fighting
  4342 | D:6      | Found Katzag's Book Emporium.
  4800 | D:7      | Noticed a hippogriff
  4823 | D:7      | Killed a hippogriff
  4823 | D:7      | Reached XP level 9. HP: 46/88 MP: 8/8
  5002 | D:7      | Reached **** piety under Trog
  5003 | D:7      | Reached skill level 5 in Dodging
  5010 | D:7      | Reached skill level 10 in Unarmed Combat
  5219 | D:7      | Found a staircase to the Ecumenical Temple.
  5222 | D:7      | Noticed a two-headed ogre
  5227 | D:7      | Killed a two-headed ogre
  5227 | D:7      | Reached skill level 11 in Unarmed Combat
  5721 | D:8      | Paralysed by a hornet for 3 turns
  5725 | D:8      | Gained mutation: Scrolls take you a little longer to read. [potion of mutation]
  5725 | D:8      | Gained mutation: Your system is resistant to poisons. (rPois) [potion of mutation]
  5745 | D:8      | Reached XP level 10. HP: 63/98 MP: 9/9
  6115 | D:8      | Found a basalt altar of Yredelemnul.
  6269 | D:8      | Noticed Maurice
  6294 | D:8      | Killed Maurice
  6458 | D:8      | Noticed a two-headed ogre
  6522 | D:8      | Killed a two-headed ogre
  6522 | D:8      | Reached skill level 12 in Unarmed Combat
  6741 | D:8      | Reached ***** piety under Trog
  7091 | D:9      | Noticed a two-headed ogre
  7098 | D:9      | Killed a two-headed ogre
  7128 | D:9      | Got a scintillating graven amulet
  7142 | D:9      | Reached skill level 1 in Stealth
  7301 | D:9      | Reached XP level 11. HP: 101/109 MP: 10/10
  7611 | D:9      | Got a twisted robe
  7622 | D:9      | Identified the +2 robe "Zuiry" {-Tele Dex+6} (You found it on level 9 of the Dungeon)
  7622 | D:9      | Identified the amulet of Sunlight {Gourm Fragile rElec Str+2} (You found it on level 9 of the Dungeon)
  7809 | D:10     | Entered Level 10 of the Dungeon
  7809 | D:10     | Noticed a death yak
  7809 | D:10     | Noticed a death yak
  7811 | D:10     | Found a staircase to the Lair.
  7816 | D:10     | Noticed a death yak
  7823 | D:9      | Killed a death yak
  7835 | D:9      | Killed a death yak
  7835 | D:9      | Reached skill level 13 in Unarmed Combat
  7967 | D:9      | Killed a death yak
  8060 | D:9      | Received a gift from Trog
  8153 | D:10     | Killed an unseen horror
  8379 | D:10     | Noticed a two-headed ogre
  8411 | D:10     | Killed a two-headed ogre
  8495 | D:10     | Received a gift from Trog
  8496 | D:10     | Got a steaming great mace {god gift}
  8497 | D:10     | Identified the +10 great mace "Moholes" {crush, rPois} (Trog gifted it to you on level 10 of the Dungeon)
  8505 | D:10     | Found a staircase to the Orcish Mines.
  8566 | D:10     | Reached skill level 1 in Throwing
  8829 | Orc:1    | Entered Level 1 of the Orcish Mines
  8926 | D:10     | Reached skill level 14 in Unarmed Combat
  9642 | D:10     | Reached XP level 12. HP: 91/122 MP: 11/11
 10006 | Orc:2    | Entered Level 2 of the Orcish Mines
 10064 | Orc:2    | Noticed Azrael
 10249 | Orc:2    | Noticed Snorg
 10301 | Orc:1    | HP: 2/122 [Snorg (14)]
 10301 | Orc:1    | Mangled by Snorg

Skill      XL: |  1  2  3  4  5  6  7  8  9 10 11 |
---------------+----------------------------------+-----
Fighting       | 3 4 5 6 7 8 |  8.4
Dodging        | 3 4 6 7 |  7.9
Unarmed Combat | 4 5 6 7 9 11 12 14 | 14.2
Stealth        | 1 |  1.5
Throwing       | 2 |  2.2

Action                   |  1- 3 |  4- 6 |  7- 9 | 10-12 || total
-------------------------+-------+-------+-------+-------++-------
Melee: Unarmed           |    71 |   101 |   253 |   415 ||   840
       Punch             |     3 |     1 |    13 |    26 ||    43
 Fire: Blowgun           |       |       |       |     3 ||     3
Invok: Berserk           |       |       |     2 |     4 ||     6
       Brothers in Arms  |       |       |       |     1 ||     1
  Use: Potion            |       |       |     5 |     1 ||     6
       Scroll            |       |       |       |     3 ||     3
 Stab: Sleeping          |       |     1 |       |     1 ||     2
       Distracted        |       |       |       |     1 ||     1
  Eat: Chunk             |    12 |    10 |    35 |    46 ||   103
       Meat ration       |       |       |     1 |       ||     1
Armor: Animal skin       |    24 |    20 |    65 |    25 ||   134
       Robe              |       |       |       |    60 ||    60
       Troll leather arm |       |       |       |    21 ||    21
Dodge: Dodged            |    31 |    36 |   137 |   255 ||   459
